 Dungeon Crawl Stone Soup version 0.31-a0-193-gdfe2569204 (webtiles) character file.

Game seed: 11600787287152703039

33 qw the Shooter (level 3, -2/20 HPs)
             Began as a Deep Elf Hunter on June 23, 2023.
             Slain by a gnoll
             ... wielding a +0 spear
              (5 damage)
             ... on level 2 of the Dungeon.
             The game lasted 00:00:26 (1133 turns).

qw the Shooter (Deep Elf Hunter)                    Turns: 1133, Time: 00:00:26

Health: -2/20      AC:  3    Str: 10    XL:     3   Next: 12%
Magic:  5/5        EV: 12    Int: 13    God:
Gold:   54         SH:  0    Dex: 18    Spells: 2/2 levels left

rFire   . . .        Y - +0 shortbow
rCold   . . .        (shield currently unavailable)
rNeg    . . .        c - +0 leather armour
rPois   .            (no helmet)
rElec   .            (no cloak)
rCorr   .            (no gloves)
SInv    .            (no boots)
Will    .....        (no amulet)
Stlth   ++           (no ring)
HPRegen 0.23/turn    (no ring)
MPRegen 0.09/turn

%: no passive effects
@: no status effects
A: no striking features
a: no special abilities


You were on level 2 of the Dungeon.
You visited 1 branch of the dungeon, and saw 2 of its levels.

You collected 54 gold pieces.


   Skills:
 - Level 1.5 Fighting
 + Level 6.7 Ranged Weapons
 - Level 2.4 Dodging
 - Level 1.2 Stealth


You had 2 spell levels left.
You didn't know any spells.
Your spell library was empty.

Inventory:

Hand Weapons
 Y - a +0 shortbow (weapon)
Armour
 c - a +0 leather armour (worn)
Scrolls
 a - a scroll of identify
Potions
 b - a potion of curing {unknown}
 e - a potion of lignification {unknown}
 f - a potion of might {unknown}
 h - a potion of ambrosia {unknown}

Dungeon Overview and Level Annotations

Branches:
Dungeon (2/15)

Altars:

Shops:
D:1 ?

Annotations:
D:2 1 runed translucent door, Crazy Yiuf, Terence


Message History

Enter note:
Enter note:
Enter note:
Enter note:
Enter note:
Enter note:
Found a dagger.
Enter note:
Enter note:
Enter note:
Enter note:
Enter note:
Enter note: Terence the Incautious comes into view.
He is wielding a +0 flail.
Enter note:
Enter note:
Enter note:
Enter note:
Enter note:
Enter note: You shoot an arrow.
The arrow hits Terence but does no damage.
You shoot an arrow. The arrow barely misses Terence.
Terence hits you with a +0 flail.
You shoot an arrow. The arrow hits Terence!
Terence is heavily wounded.
You hear a shout!
A gnoll comes into view. It is wielding a +0 spear.
Terence hits you with a +0 flail!
You shoot an arrow. The arrow closely misses Terence.
Terence hits you with a +0 flail.
You shoot an arrow.
The arrow hits Terence but does no damage.
Terence is heavily wounded.
Terence misses you.
You shoot an arrow.
The arrow hits Terence but does no damage.
Terence is heavily wounded.
The gnoll hits you from afar with a +0 spear.
You die...

######......#
g.[.........# .
########.)...##.#. #
#................ ..
#.#....#.....##.# .#
#.#....#.....##.#..
###.#....#.....#g..#
#........#######@..#
#.#.#....# #..@...#
#.#.#....# #.##.(##
#........# #.# .....
###......####.#
..)###
#...<.........# ...#
#.###....###### ...#
#.#.........)......#
##.#.###........##..#
.#.#.# #........#


You could see Terence and a gnoll.

Vanquished Creatures
  A worm (D:2)
  3 bats
  4 endoplasms
  A giant cockroach (D:1)
  6 goblins
  2 hobgoblins (D:1)
  2 quokkas (D:1)
  3 ball pythons
  2 frilled lizards
  2 kobolds
  A rat (D:1)
27 creatures vanquished.

Notes
Turn   | Place    | Note
-------+----------+-------------------------------------------
     0 | D:1      | qw the Deep Elf Hunter began the quest for the Orb.
     0 | D:1      | Reached XP level 1. HP: 12/12 MP: 3/3
     0 | D:1      | 0 ||| qw: Version: 0.3-a-9-g12657ce
     0 | D:1      | 0 ||| qw: Game counter: 4625
     0 | D:1      | 0 ||| qw: Always use a shield: true
     0 | D:1      | 0 ||| qw: God list: Okawaru
     0 | D:1      | 0 ||| qw: Allow faded altars: false
     0 | D:1      | 0 ||| qw: Do Orc after D:15 true
     0 | D:1      | 0 ||| qw: Do second Lair branch before Depths: true
     0 | D:1      | 0 ||| qw: Lair rune preference: random
     0 | D:1      | 0 ||| qw: Plans: Normal
     0 | D:1      | 0 ||| PLANNING D:1-11
   110 | D:1      | Found Lecaen's Magic Scroll Emporium.
   121 | D:1      | 121 ||| SHOPLISTING scroll of enchant armour (105 gold,
                  | have 20).
   121 | D:1      | 121 ||| SHOPLISTING scroll of identify (28 gold, have 20).
   191 | D:1      | Reached XP level 2. HP: 16/16 MP: 4/4
   249 | D:1      | Reached skill level 6 in Ranged Weapons
   275 | D:1      | Found a faded altar of an unknown god.
   777 | D:1      | 777 ||| READING 2 scrolls labelled IPNOIH OHOBB.
   778 | D:1      | 778 ||| READING 2 scrolls labelled INITAMM OPREPT.
   781 | D:1      | 781 ||| DROPPING scroll of butterflies.
   862 | D:2      | Found a runed translucent door.
   863 | D:2      | Noticed Crazy Yiuf
   954 | D:2      | Reached XP level 3. HP: 20/20 MP: 5/5
   963 | D:2      | HP: 3/20 [gnoll/+0 spear (5)]
   964 | D:2      | 964 ||| READING scroll of teleportation.
  1082 | D:2      | 1082 ||| FLEEEEING.
  1092 | D:2      | 1092 ||| STAIRDANCE
  1127 | D:2      | Noticed Terence
  1131 | D:2      | HP: 3/20 [Terence/+0 flail (6)]
  1133 | D:2      | Slain by a gnoll

Levels and vault maps discovered:
D:1:      nicolae_arrival_washed_ashore, layout_loops_ring,
          hellmonk_ecumenical_altar_prayer_group, serial_shops,
          nicolae_diamond_shop, minmay_stone_trees_medium
D:2:      layout_basic, uniq_terence, uniq_natasha, uniq_crazy_yiuf_cottage

Skill      XL: |  1  2 |
---------------+-------+-----
Ranged Weapons | 6 |  6.7
Fighting       | |  1.5
Dodging        | |  2.4
Stealth        | |  1.2

Action                     || total
---------------------------++-------
   Fire: Shortbow          ||    97
    Use: Scroll            ||     3
 Armour: Leather armour    ||     8
  Dodge: Dodged            ||    21

Table legend:
 A = Non-vault XP
 B = Vault XP
 C = Vault XP percentage of total XP
 D = Non-vault monster count
 E = Vault monster count
 F = Vault count percentage of total count
                 A         B        C        D         E       F
            +---------+---------+-------+---------+---------+-------
      Total |      46 |       2 |   4.2 |      26 |       1 |   3.7
            +---------+---------+-------+---------+---------+-------
        D:1 |      29 |       2 |   6.5 |      17 |       1 |   5.6
        D:2 |      17 |       0 |   0.0 |       9 |       0 |   0.0
            +---------+---------+-------+---------+---------+-------
